 Dungeon Sprint DCSS version 0.21-a0-264-g3e31e41 (webtiles) character file.

3561 Kidiri the Covert (level 9, -1/47 HPs)
             Began as a Spriggan Enchanter on Sept 8, 2017.
             Was a Believer of Dithmenos.
             Killed from afar by a death drake (17 damage)
             ... with a foul vapour
             ... in the Dungeon (Sprint II: "The Violet Keep of Menkaure").
             The game lasted 00:13:56 (2290 turns).

Kidiri the Covert (Spriggan Enchanter)              Turns: 2290, Time: 00:13:57

Health: -1/47      AC:  2    Str:  4      XL:     9   Next: 83%
Magic:  0/25       EV: 29    Int: 18      God:    Dithmenos [**....]
Gold:   681        SH:  0    Dex: 17 (18) Spells: 3/30 levels left

rFire    . . .     SeeInvis +   a - +1 dagger
rCold    . . .     Gourm    .   (shield restricted)
rNeg     . . .     Faith    .   b - +0 robe
rPois    .         Spirit   .   (helmet restricted)
rElec    .         Reflect  .   (no cloak)
rCorr    +         Harm     .   (gloves unavailable)
MR       +....     NoTele   +   (boots unavailable)
Stlth    +++.......             (no amulet)
HPRegen  0.15/turn              r - ring of resist corrosion
MPRegen  0.19/turn              w - ring of wizardry

@: lethally poisoned (-1 -> -28), contaminated, glowing, very quick
A: unfitting armour, see invisible, deterioration 1, herbivore 3, speed 3, slow
metabolism 2
a: Shadow Step, Renounce Religion


You were in the Dungeon.
You worshipped Dithmenos.
Dithmenos was pleased with you.
You were near starving.

You visited 1 branch You collected 1396 gold pieces.
You spent 715 gold pieces at shops.

Inventory:

Hand Weapons
 a - a +1 dagger (weapon)
Armour
 b - a +0 robe (worn)
Jewellery
 r - a ring of resist corrosion (left hand)
 w - a ring of wizardry (right hand)
Scrolls
 i - 3 scrolls of remove curse
 l - a scroll of enchant weapon {unknown}
 p - a scroll of immolation {unknown}
 u - a scroll of identify {unknown}
 x - a scroll of fog {unknown}
 y - a scroll of fear
Potions
 e - 2 potions of curing
 g - a potion of haste
 h - a potion of brilliance {unknown}
 n - 3 potions of magic
 o - 2 potions of invisibility {unknown}
 q - 3 potions of resistance {unknown}
 s - 5 potions of flight {unknown}
 t - a potion of agility {unknown}
 v - 2 potions of degeneration {unknown}
Books
 c - a book of Maledictions

   Spells                             Type                      Level
   a - Corona                         Hexes                        1
   b - Ensorcelled Hibernation        Hexes/Ice                    2
   c - Confuse                        Hexes                        3
   d - Tukima's Dance                 Hexes                        3
   e - Dazzling Spray                 Conjuration/Hexes            3
 k - a book of Ice

   Spells                             Type                      Level
   a - Ice Form                       Ice/Transmutation            4
   b - Metabolic Englaciation         Hexes/Ice                    5
   c - Ozocubu's Refrigeration        Ice                          6
   d - Bolt of Cold                   Conjuration/Ice              6
   e - Freezing Cloud                 Conjuration/Ice/Air          6
   f - Simulacrum                     Ice/Necromancy               6
Comestibles
 d - 2 bread rations


   Skills:
 + Level 5.2 Fighting
 * Level 10.1 Short Blades
 + Level 4.7 Armour
 * Level 13.1 Dodging
 * Level 14.2 Stealth
 * Level 11.3 Spellcasting
 + Level 3.5 Conjurations
 + Level 8.5 Hexes
 + Level 4.1 Transmutations
 + Level 4.0 Ice Magic
 + Level 2.7 Air Magic


You had 3 spell levels left.
You knew the following spells:

 Your Spells              Type           Power        Failure   Level  Hunger
a - Corona                Hex            #####..      1%          1    None
b - Ensorcelled Hibernat  Hex/Ice        ####..       1%          2    None
c - Confuse               Hex            #####...     1%          3    None
d - Tukima's Dance        Hex            #####...     1%          3    None
e - Dazzling Spray        Conj/Hex       ####..       1%          3    None
f - Ice Form              Ice/Tmut       ###.....     5%          4    ##.....
g - Metabolic Englaciati  Hex/Ice        ####......   6%          5    ####...
h - Freezing Cloud        Conj/Ice/Air   ###.......   67%         6    ######.


Dungeon Overview and Level Annotations

Branches:
Dungeon (1/1)

Altars:
Cheibriados
Dithmenos
Elyvilon
Fedhas
Gozag
Hepliaklqana
Kikubaaqudgha
Makhleb
Nemelex Xobeh
Okawaru
Qazlal
Ru
Sif Muna
Trog
Uskayaw
Vehumet
Wu Jian
Xom
Yredelemnul
Zin
The Shining One
Beogh
Jiyva
Lugonu

Shops:
D :!=?[%[=:=(!%:=}

Annotations:
D exclusions: death drake, oklob plant and swamp drake, Roxanne


Innate Abilities, Weirdness & Mutations

You are very small and have problems with some larger weapons.
You are too small for most types of armour.
You have supernaturally acute eyesight. (SInv)
You are a herbivore.
You cover ground extremely quickly.
You need consume almost no food.
Your body sometimes deteriorates upon taking damage.


Message History

You radiate an aura of cold.
The death drake resists.
You are engulfed in a cloud of scalding steam.
A poisoned needle hits the crystal guardian, but does no damage!
Casting: Metabolic Englaciation
Confirm with . or Enter, or press ? or * to list all spells.
You radiate an aura of cold.
The death drake resists.
The crystal guardian is unaffected.
You are near starving!
A poisoned needle hits the death drake, but does no damage!
Casting: Metabolic Englaciation
Confirm with . or Enter, or press ? or * to list all spells.
Aiming: Dazzling Spray
Press: ? - help, Shift-Dir - straight line, f - death drake
Aim: a death drake (lightly wounded, poisoned, umbra)
The spray of energy hits the death drake.
The death drake is lightly wounded.
The death drake breathes miasma at you. The foul vapour engulfs you!
You are lethally poisoned!
You die...

#≈≈≈≈.##+##..#..####§# k#[)▓(.).)
#≈≈≈≈##.#.##.####.%+§##8#)§▓.(...
#≈≈≈≈#..#..#....#..#§§k####▓[.((.
#≈≈####.#.####..#####§§##.#▓(....
#≈##.###+###.##..#.E+§§#..#▓(....
#≈#.#.##.##...#..#((#§§#.)#▓(....
+≈+.##+.<.+##.+..####§§##.#▓)...)
#≈#..###.##...#....###^^§##▓▓▓▓▓▓
#≈##.###+###.##.@k..8≈k≈≈≈≈≈≈≈≈≈≈
#≈≈####.#.####≈≈.§.§.≈#+########+
##≈≈≈#..#..#≈≈≈§≈≈§§.≈#..._._._#§
#+#≈###.###≈≈≈§≈≈≈≈.≈#_._._._.#§
#%#≈≈##+##≈≈≈≈§≈≈§≈≈≈#._._._._#§
####≈≈≈≈≈≈≈≈§§≈§≈≈§≈≈#_._._._.#§
#+++#+++#§§§§≈§§§≈#._._._..#≈
§... ##§§§###≈§#_._._...#≈
....§§§##§§# #≈§#._._....#≈


You could see 2 death drakes and a crystal guardian.

Vanquished Creatures
  2 spiny frogs (D)
  A yaktaur (D)
  2 tyrant leeches (D)
  3 polar bears (D)
  A hornet (D)
  2 redbacks (D)
  4 neqoxecs (D)
  Menkaure (D)
  4 necrophages (D)
  3 crocodiles (D)
  4 worker ants (D)
  A hell rat (D)
  A tentacle (D)
29 creatures vanquished.

Vanquished Creatures (others)
  A swamp drake (D)
  A crocodile (D)
  23 tentacles (D)
25 creatures vanquished.

Grand Total: 54 creatures vanquished

Notes
Turn   | Place    | Note
-------+----------+-------------------------------------------
     0 | D        | Kidiri the Spriggan Enchanter began the quest for the Orb.
     0 | D        | Reached XP level 1. HP: 9/9 MP: 5/5
     1 | D        | Noticed a tyrant leech
     1 | D        | Noticed a tyrant leech
     4 | D        | Noticed a necrophage
     4 | D        | Noticed a necrophage
     4 | D        | Noticed a necrophage
     4 | D        | Noticed a necrophage
     5 | D        | Killed a crocodile
    11 | D        | Killed a necrophage
    11 | D        | Reached skill level 1 in Fighting
    11 | D        | Reached skill level 1 in Armour
    11 | D        | Reached skill level 5 in Dodging
    11 | D        | Reached skill level 6 in Stealth
    11 | D        | Reached skill level 5 in Spellcasting
    11 | D        | Reached XP level 2. HP: 15/15 MP: 5/9
    11 | D        | Reached XP level 3. HP: 18/18 MP: 5/10
    11 | D        | Reached XP level 4. HP: 23/23 MP: 6/12
    18 | D        | Killed a necrophage
    18 | D        | Reached skill level 8 in Stealth
    18 | D        | Reached skill level 5 in Hexes
    18 | D        | Reached XP level 5. HP: 26/26 MP: 6/14
    24 | D        | Killed a necrophage
    24 | D        | Reached skill level 5 in Short Blades
    24 | D        | Reached skill level 9 in Stealth
    28 | D        | Killed a necrophage
    28 | D        | Reached XP level 6. HP: 30/31 MP: 7/17
    37 | D        | Learned a level 2 spell: Ensorcelled Hibernation
    41 | D        | Learned a level 3 spell: Confuse
    45 | D        | Learned a level 3 spell: Tukima's Dance
    49 | D        | Learned a level 3 spell: Dazzling Spray
   276 | D        | Reached skill level 10 in Stealth
   291 | D        | Noticed a neqoxec
   299 | D        | Killed a tyrant leech
   299 | D        | Reached skill level 10 in Dodging
   299 | D        | Reached skill level 11 in Stealth
   299 | D        | Reached skill level 1 in Conjurations
   299 | D        | Reached skill level 1 in Ice Magic
   299 | D        | Reached XP level 7. HP: 36/36 MP: 15/20
   321 | D        | Killed a tyrant leech
   406 | D        | Noticed Roxanne
   408 | D        | Noticed Menkaure
   430 | D        | Killed Menkaure
   516 | D        | Killed a neqoxec
   516 | D        | Reached XP level 8. HP: 41/41 MP: 22/22
   518 | D        | Reached skill level 12 in Stealth
   522 | D        | Gained mutation: Your body sometimes deteriorates upon taking damage. [a neqoxec]
   528 | D        | Reached skill level 10 in Spellcasting
   551 | D        | Noticed an ice statue
   556 | D        | Found Ratogoof's Gadget Shop.
   557 | D        | Found Gimedal's Jewellery Boutique.
   558 | D        | Found Temnunox's Food Boutique.
   558 | D        | Found Piodgh's Distillery.
   559 | D        | Found Temilyoth's Jewellery Shop.
   559 | D        | Found Plog's Book Boutique.
   567 | D        | Found Suitif's Food Boutique.
   567 | D        | Found Rilysicu's Antique Armour Shop.
   569 | D        | Found Uliuxir's Jewellery Shop.
   570 | D        | Found Ruirurop's Jewellery Shop.
   570 | D        | Found Zaocil's Distillery.
   571 | D        | Found Widecw's Antique Weapon Shop.
   571 | D        | Found Gogegg's Magic Scroll Boutique.
   572 | D        | Found Egacs's Book Shop.
   572 | D        | Found Hawny's Antique Armour Boutique.
   575 | D        | Noticed an oklob plant
   576 | D        | Found Huibrop's Book Shoppe.
   590 | D        | Bought a book of Ice for 715 gold pieces
   632 | D        | Learned a level 4 spell: Ice Form
   638 | D        | Learned a level 5 spell: Metabolic Englaciation
   645 | D        | Learned a level 6 spell: Freezing Cloud
   661 | D        | Found a glowing golden altar of the Shining One.
   661 | D        | Found an ornate altar of the Wu Jian Council.
   665 | D        | Found a shimmering altar of Xom.
   665 | D        | Found a sacrificial altar of Ru.
   666 | D        | Found a basalt altar of Yredelemnul.
   666 | D        | Found a deep blue altar of Sif Muna.
   667 | D        | Found a glowing silver altar of Zin.
   667 | D        | Found a bloodstained altar of Trog.
   667 | D        | Found an ancient bone altar of Kikubaaqudgha.
   667 | D        | Found a stormy altar of Qazlal.
   667 | D        | Found a viscous altar of Jiyva.
   668 | D        | Found a hide-covered altar of Uskayaw.
   668 | D        | Found a corrupted altar of Lugonu.
   668 | D        | Found a shadowy altar of Dithmenos.
   669 | D        | Found a radiant altar of Vehumet.
   669 | D        | Found a burning altar of Makhleb.
   669 | D        | Found a white marble altar of Elyvilon.
   670 | D        | Found a sparkling altar of Nemelex Xobeh.
   670 | D        | Found a blossoming altar of Fedhas.
   672 | D        | Found an iron altar of Okawaru.
   672 | D        | Found an opulent altar of Gozag.
   672 | D        | Found a hazy altar of Hepliaklqana.
   672 | D        | Found a snail-covered altar of Cheibriados.
   672 | D        | Noticed a hornet
   672 | D        | Noticed a polar bear
   673 | D        | Found a roughly hewn altar of Beogh.
   673 | D        | Noticed a yaktaur
   674 | D        | Noticed a polar bear
   675 | D        | Noticed a polar bear
   681 | D        | Killed a polar bear
   681 | D        | Reached skill level 1 in Transmutations
   685 | D        | Killed a polar bear
   685 | D        | Reached skill level 1 in Air Magic
   689 | D        | Killed a polar bear
   689 | D        | Reached skill level 13 in Stealth
   689 | D        | Reached XP level 9. HP: 40/45 MP: 10/24
   702 | D        | Killed a yaktaur
   726 | D        | Noticed an obsidian statue
   734 | D        | Became a worshipper of Dithmenos the Shadowed
   811 | D        | Noticed a kraken
  1610 | D        | Reached skill level 5 in Fighting
  1722 | D        | Reached * piety under Dithmenos
  1778 | D        | Noticed a death drake
  1783 | D        | Noticed a spiny frog
  1784 | D        | Noticed a spiny frog
  1787 | D        | Killed a spiny frog
  1798 | D        | Killed a spiny frog
  1798 | D        | Reached skill level 14 in Stealth
  1810 | D        | Noticed a deep elf master archer
  2082 | D        | Reached ** piety under Dithmenos
  2082 | D        | Reached skill level 10 in Short Blades
  2275 | D        | Noticed an iron elemental
  2277 | D        | Noticed a crystal guardian
  2280 | D        | Noticed a death drake
  2290 | D        | Killed from afar by a death drake

Vault maps used:
D:        the_violet_keep_of_menkaure

Skill      XL: |  1  2  3  4  5  6  7  8  9 |
---------------+----------------------------+-----
Fighting       | 1 2 3 4 5 |  5.2
Short Blades   | 3 4 6 7 8 9 10 | 10.1
Armour         | 1 2 3 4 |  4.7
Dodging        | 5 7 8 10 12 13 | 13.1
Stealth        | 6 8 9 11 13 14 | 14.2
Spellcasting   | 5 6 7 8 9 10 11 | 11.3
Hexes          | 4 5 6 7 8 |  8.5
Conjurations   | 1 2 3 |  3.5
Ice Magic      | 1 2 3 4 |  4.0
Transmutations | 2 4 |  4.1
Air Magic      | 1 2 |  2.7

Action                   |  1- 3 |  4- 6 |  7- 9 || total
-------------------------+-------+-------+-------++-------
Melee: Dagger            |     5 |    25 |    43 ||    73
 Cast: Corona            |     1 |       |       ||     1
       Dazzling Spray    |       |     1 |    15 ||    16
       Confuse           |       |       |    14 ||    14
       Ensorcelled Hiber |       |       |    17 ||    17
       Metabolic Englaci |       |       |     4 ||     4
  Use: Potion            |     1 |       |     3 ||     4
       Scroll            |       |       |     6 ||     6
 Stab: Sleeping          |       |     4 |    11 ||    15
       Invisible         |       |     3 |     3 ||     6
       Confused          |       |       |     9 ||     9
Dodge: Dodged            |     3 |     5 |    54 ||    62

Table legend:
 A = Spawn XP
 B = Non-spawn XP
 C = Spawn XP percentage of total XP
 D = Spawn monster count
 E = Non-spawn monster count
 F = Spawn count percentage of total count
 G = Total turns spent on level
                    A         B        C        D         E        F      G
               +---------+---------+-------+---------+---------+-------+---------
         Total |       0 |    5088 |   0.0 |       0 |      28 |   0.0 |  2290
               +---------+---------+-------+---------+---------+-------+---------
             D |       0 |    5088 |   0.0 |       0 |      28 |   0.0 |  2290
               +---------+---------+-------+---------+---------+-------+---------
